 Dungeon Sprint DCSS version 0.31.0-32-g396128a36d (webtiles) character file.

Game seed: 12447870025853676972

4 Heoruswealwe the Covered (level 1, 0/20 HPs)
             Began as a Minotaur Fighter on Apr 19, 2024.
             Slain by an ogre
             ... wielding a +0 giant club
              (10 damage)
             ... in the Dungeon (Sprint IX: "|||||||||||||||||||||||||||||").
             The game lasted 00:00:16 (31 turns).

Heoruswealwe the Covered (Minotaur Fighter)           Turns: 31, Time: 00:00:17

Health: 0/20       AC:  7    Str: 20    XL:     1   Next: 58%
Magic:  0/0        EV:  9    Int:  5    God:
Gold:   0          SH:  4    Dex:  9    Spells: 0/0 levels left

rFire   . . .        a - +0 trident
rCold   . . .        d - +0 buckler
rNeg    . . .        c - +0 scale mail
rPois   .            (helmet restricted)
rElec   .            (no cloak)
rCorr   .            (no gloves)
SInv    .            (no boots)
Will    .....        (no amulet) Stlth
                     (no ring)
HPRegen 0.23/turn    (no ring)
MPRegen 0.07/turn

%: no teleportation
@: no status effects
A: horns 2, retaliatory headbutt
a: no special abilities


You were in the Dungeon.
You visited 1 branch

Inventory:

Hand Weapons
 a - a +0 trident (weapon)
Armour
 c - a +0 scale mail (worn)
 d - a +0 buckler (worn)
Scrolls
 j - a scroll of blinking
Potions
 b - a potion of might
 e - a potion of curing
 f - a potion of heal wounds
 g - a potion of haste
 h - 2 potions of magic
 i - a potion of berserk rage


   Skills:
 + Level 4.1 Fighting
 * Level 3.7 Polearms
 + Level 4.1 Armour
 - Level 3.6 Shields


You couldn't memorise any spells.
You didn't know any spells.
Your spell library was empty.

Dungeon Overview and Level Annotations

Branches:
Dungeon (1/1)

Altars:


Innate Abilities, Weirdness & Mutations

You have a pair of horns on your head.
You reflexively headbutt those who attack you in melee.


Message History

You miss the bat.
The bat is severely wounded.
You block the bat's attack. The bat hits you but does no damage.
You hit the bat.
You kill the bat!
You barely miss the rat. You headbutt the rat.
You kill the rat!
The bat closely misses you.
You barely miss the bat. The bat completely misses you.
The bat barely misses you. The bat hits you.
You barely miss the bat. The bat hits you. You block the bat's attack.
You hit the bat.
You kill the bat!
Things that are here:
a bat corpse; a bat corpse
There is an open door to the Dungeon here.
Things that are here:
a +0 dagger; a giant cockroach corpse
Things that are here:
a bat corpse; a bat corpse You open the door. 2 dart slugs, an orc wizard, a shadow imp and an ogre come into view.
The orc wizard shouts!
The shadow imp shouts, "Fly, thou horrid mumble-news serf!"
The ogre shouts!
You barely miss the ogre. The ogre hits you with a +0 giant club!
Ouch! That really hurt!
You puncture the ogre!
The ogre is moderately wounded.
The ogre closely misses you. You furiously retaliate!
You headbutt the ogre. You hit the ogre. Your headbutt misses the ogre.
The ogre is heavily wounded.
You barely miss the ogre. You headbutt the ogre.
The ogre is severely wounded.
The ogre barely misses you.
You barely miss the ogre.
The ogre is severely wounded.
The ogre hits you with a +0 giant club!
Ouch! That really hurt!
You die... ▓▓▓▓▓▓▓▓▓▓▓▓▓▓▓▓▓▓ +.wwo5O@...†)...<▓ ▓▓▓▓▓▓▓▓▓▓▓▓▓▓▓▓▓▓

You could see an ogre, an orc wizard, a shadow imp and 2 dart slugs.

Vanquished Creatures
  A giant cockroach (D)
  A goblin (D)
  2 bats (D)
  A rat (D)
5 creatures vanquished.

Notes
Turn   | Place    | Note
-------+----------+-------------------------------------------
     0 | D        | Heoruswealwe the Minotaur Fighter began the quest for the
                  | Orb.
     0 | D        | Reached XP level 1. HP: 19/19 MP: 0/0
    26 | D        | Noticed an orc wizard
    26 | D        | Noticed an ogre
    31 | D        | Slain by an ogre

Illustrated notes

Levels and vault maps discovered:
D:        linesprint [early_d, line_temple, items_1, d_10, items_2, lair_1,
          lair_end, items_3, orc_1, orc_end, items_4, d_15, swamp_1, shoals_1,
          snake_1, spider_1, d_20, vaults_1, items_5, swamp_end, shoals_end,
          snake_end, spider_end, vaults_end, d_27, items_6, zot_1, zot_end,
          crypt_end, forest_end, elf_end, slime_end, tomb_end, abyss_end,
          pan_hell_end]

Skill      XL: |  1 |
---------------+----+-----
Polearms       | 3 |  3.7
Fighting       | 4 |  4.1
Armour         | 4 |  4.1
Shields        | |  3.6

Action                     || total
---------------------------++-------
  Melee: Trident           ||    19
         Headbutt          ||     2
 Armour: Scale mail        ||    10
  Dodge: Dodged            ||     9
  Block: Buckler           ||     5
